 Dungeon Crawl Stone Soup version 0.30-a0-576-g89cddaab80 (webtiles) character file.

Game seed: 9202044357857309064

254 wormed the Shooter (level 5, -6/27 HPs)
             Began as a Spriggan Hunter on Dec 31, 2022.
             Mangled by a two-headed ogre
             ... wielding a +0 giant spiked club
              (22 damage)
             ... on level 5 of the Dungeon.
             The game lasted 00:04:22 (2414 turns).

wormed the Shooter (Spriggan Hunter)                Turns: 2414, Time: 00:04:23

Health: -6/27      AC:  2    Str:  7    XL:     5   Next: 90%
Magic:  6/6        EV: 20    Int: 10    God:
Gold:   238        SH:  0    Dex: 21    Spells: 4/4 levels left

rFire   . . .      SeeInvis +    a - +0 shortbow
rCold   . . .      Faith    +    (shield currently unavailable)
rNeg    . . .      Spirit   .    c - +0 robe
rPois   .          Reflect  .    (helmet restricted)
rElec   .          Harm     .    (no cloak)
rCorr   .          Rampage  .    (gloves unavailable)
Will    .....                    (boots unavailable)
Stlth   +++                      m - amulet of faith
HPRegen 0.24/turn                (no ring)
MPRegen 0.10/turn                (no ring)

@: very quick
A: very small, no large weapons, unfitting armour, see invisible, speed 3
a: no special abilities


You were on level 5 of the Dungeon.
You visited 1 branch of the dungeon, and saw 6 of its levels.

You collected 238 gold pieces.

Inventory:

Hand Weapons
 a - a +0 shortbow (weapon)
Armour
 c - a +0 robe (worn)
Jewellery
 j - a ring of ice
 m - an amulet of faith (around neck)
Wands
 r - a wand of flame (17)
Scrolls
 b - 2 scrolls of immolation
 d - 2 scrolls of identify {unknown}
 f - a scroll of enchant armour {unknown}
 g - a scroll of poison {unknown}
 i - 2 scrolls of magic mapping {unknown}
 l - a scroll of teleportation
Potions
 e - 2 potions of brilliance {unknown}
 h - 3 potions of curing {unknown}
 k - a potion of mutation {unknown}
 n - a potion of lignification {unknown}
 o - a potion of invisibility {unknown}
 p - a potion of attraction {unknown}
 q - a potion of heal wounds {unknown}


   Skills:
 + Level 2.6 Fighting
 * Level 5.5 Ranged Weapons
 + Level 4.3 Dodging
 + Level 4.3 Stealth


You had 4 spell levels left.
You didn't know any spells.
Your spell library contained the following spells:

 Spells                   Type           Power      Damage    Failure   Level
 Animate Dead             Necr           0%         N/A       98%         4
 Haunt                    Necr/Summ      0%         N/A       100%        7
 Infestation              Necr           0%         N/A       100%        8


Dungeon Overview and Level Annotations

Branches:
Dungeon (6/15)
 Temple: D:4-7

Altars:
Gozag
Uskayaw

Shops:
D:2 =(*[*

Annotations:
D:5 Blork the orc


Innate Abilities, Weirdness & Mutations

You are very small and have problems with some larger weapons.
You are too small for most types of armour.
You have supernaturally acute eyesight. (SInv)
You cover ground extremely quickly. (Speed+++)


Message History

Blork the orc is lightly wounded.
You shoot an arrow. The arrow closely misses Blork the orc.
A white imp comes into view.
Blork the orc begins to cast a cantrip, but forgets the words!
Found a ring mail.
Found a ring mail.
You shoot an arrow.
The arrow hits the white imp but does no damage.
The white imp shouts!
A quokka comes into view.
Blork the orc gestures wildly while chanting.
Blork the orc seems to speed up.
A scorpion comes into view.
Found a bone wand.
Blork the orc casts a spell at you. The puff of frost hits you!
You see here a wand of flame (17).
r - a wand of flame (17)
Found a stone staircase leading down.
There is a stone staircase leading down here.
You climb downwards.
Found a ruby potion and a leather armour.
Found a stone staircase leading down.
There is a stone staircase leading up here.
You climb upwards.
Level annotation: Blork the orc Blork the orc looks braver for a moment.
There is a stone staircase leading down here.
Blork the orc completely misses you. The scorpion barely misses you.
As you read the scroll labelled AWAAHA ZIAMA, it crumbles to dust.
You feel strangely unstable.
It was a scroll of teleportation.
Blork the orc completely misses you. The quokka bites you.
The scorpion stings you. Blork the orc misses you.
The scorpion closely misses you. The scorpion misses you.
Your surroundings suddenly seem different.
A two-headed ogre comes into view.
It is wielding a +0 giant spiked club and a +0 giant club.
The two-headed ogre hits you with a +0 giant spiked club!!
Ouch! That really hurt!
You die...

######..##.........#
#..................###
#......[.............#
#....................#
#####......######....#
#.........###....#
#....####........#+#
#####....#.#..###.......
.....[.@..# #..##.......
.......O.####..##.......
.....!.........##....#.#
............#........5.#
..[...............#....#
.......####.#.###.###o.#
....... #.#.###.# #sr#
....... #.#.....###>.#
...... #.#####...####


You could see a two-headed ogre.

Vanquished Creatures
  A phantom (D:4)
  An orc wizard (D:3)
  5 gnolls
  3 adders
  3 dart slugs
  4 orcs
  5 bats
  4 endoplasms
  4 giant cockroaches
  9 goblins
  3 hobgoblins
  A jackal (D:3)
  3 quokkas
  10 ball pythons
  4 frilled lizards
  11 kobolds
71 creatures vanquished.

Notes
Turn   | Place    | Note
-------+----------+-------------------------------------------
     0 | D:1      | wormed the Spriggan Hunter began the quest for the Orb.
     0 | D:1      | Reached XP level 1. HP: 10/10 MP: 2/2
    63 | D:1      | Reached XP level 2. HP: 15/15 MP: 3/3
   378 | D:1      | Found a faded altar of an unknown god.
   452 | D:1      | Reached XP level 3. HP: 18/18 MP: 4/4
   934 | D:2      | Found Olaupag's Jewellery Shoppe.
   973 | D:2      | Found Moib's Antique Armour Boutique.
  1020 | D:2      | Found an opulent altar of Gozag.
  1050 | D:2      | Found Enekk's General Store.
  1126 | D:2      | Found Xyiklasch's Weapon Shop.
  1282 | D:2      | Found Kuruy's Assorted Antiques.
  1382 | D:3      | Reached XP level 4. HP: 23/23 MP: 5/5
  1558 | D:3      | Reached skill level 5 in Ranged Weapons
  1761 | D:4      | Found a hide-covered altar of Uskayaw.
  1832 | D:4      | Reached XP level 5. HP: 26/26 MP: 6/6
  1973 | D:4      | Noticed a phantom
  2133 | D:4      | Killed a phantom
  2273 | D:4      | Noticed a centaur
  2322 | D:5      | Entered Level 5 of the Dungeon
  2367 | D:5      | Noticed Blork the orc
  2406 | D:6      | Noticed a black bear
  2414 | D:5      | Noticed a two-headed ogre
  2414 | D:5      | Mangled by a two-headed ogre

Illustrated notes

Levels and vault maps discovered:
D:1:      scummos_arrival_forest, layout_basic,
          hellmonk_ecumenical_altar_crossroads, serial_bayou_pond_e,
          serial_bayou_crossing
D:2:      layout_rooms, basic_altar, serial_shops, shop,
          nicolae_shop_temple_entry_statues_fountains, shop,
          nicolae_shop_behind_doors, nicolae_shop_overgrown_old_shop
D:3:      layout_rooms, minmay_unequal
D:4:      layout_basic, eat_drink_and_be_merry_uskayaw,
          lemuel_coloured_pillars_altar, biasface_ghost_orc_armoury
D:5:      layout_basic, st_stairs_1, minmay_misc_feat_tiny, uniq_blork_the_orc
D:6:      layout_rooms, serial_shops, kennysheep_mini

Skill      XL: |  1  2  3  4  5 |
---------------+----------------+-----
Stealth        | 2 3 4 |  4.3
Dodging        | 3 4 |  4.3
Fighting       | 2 |  2.6
Ranged Weapons | 5 |  5.5

Action                   |  1- 3 |  4- 6 || total
-------------------------+-------+-------++-------
 Fire: Shortbow          |    83 |   104 ||   187
  Use: Scroll            |       |     1 ||     1
Armor: Robe              |     2 |       ||     2
Dodge: Dodged            |    19 |    30 ||    49

Table legend: (Time is in decaauts)
 A = Elapsed time spent in this place.
 B = Non-inter-level travel time spent in this place.
 C = Inter-level travel time spent in this place.
 D = Time resting spent in this place.
 E = Time spent auto-exploring this place.
 F = Levels seen in this place.
 G = Mean time per level.
                   A        B        C        D        E       F      G
               +--------+--------+--------+--------+--------+-----+--------+
         Total |   1651 |   1596 |     55 |      0 |   1143 |   6 |  275.2 |
       Dungeon |   1651 |   1596 |     55 |      0 |   1143 |   6 |  275.2 |
               +--------+--------+--------+--------+--------+-----+--------+

Top non-repeatable levels by time:
     D:1: 607 daAuts
     D:4: 412 daAuts
     D:3: 307 daAuts
     D:2: 256 daAuts
     D:5: 65 daAuts
     D:6: 1 daAuts
